 Dungeon Crawl Stone Soup version 0.28-a0-1555-g9ae15a6949 (webtiles) character file.

Game seed: 17267828097701732489

74 oldriver the Ruffian (level 4, -1/45 HPs)
             Began as a Troll Monk on Jan 18, 2022.
             Slain by a gnoll shaman (10 damage)
             ... on level 3 of the Dungeon.
             The game lasted 00:01:41 (1678 turns).

oldriver the Ruffian (Troll Monk)                   Turns: 1678, Time: 00:01:41

Health: -1/45      AC:  4    Str: 19    XL:     4   Next: 10%
Magic:  3/3        EV: 10    Int:  6    God:
Gold:   57         SH:  0    Dex: 14    Spells: 3/3 levels left

rFire   . . .      SeeInvis .     - Unarmed
rCold   . . .      Faith    .   (no shield)
rNeg    . . .      Spirit   .   a - +0 robe
rPois   .          Reflect  .   (helmet restricted)
rElec   .          Harm     +   g - scarf {harm}
rCorr   .          Rampage  .   (gloves unavailable)
Will    .....                   (boots unavailable)
Stlth   +.........              (no amulet)
HPRegen 0.95/turn               (no ring)
MPRegen 0.08/turn               (no ring)

@: lit by a corona, glowing
A: large, unfitting armour, claws 3, regeneration 1, shaggy fur 1, tough skin 1
a: no special abilities


You were on level 3 of the Dungeon.
You visited 1 branch of the dungeon, and saw 3 of its levels.

You collected 57 gold pieces.

Inventory:

Armour
 a - a +0 robe (worn)
 g - a scarf of harm (worn)
Scrolls
 d - 2 scrolls of enchant weapon {unknown}
 e - a scroll of immolation {unknown}
 f - a scroll of vulnerability {unknown}
 h - a scroll of teleportation {unknown}
 i - 2 scrolls of identify {unknown}
 j - a scroll of magic mapping {unknown}
 l - a scroll of enchant armour {unknown}
Potions
 b - 2 potions of might {unknown}
 c - 3 potions of curing {unknown}
 k - a potion of attraction {unknown}


   Skills:
 + Level 3.0 Fighting
 + Level 3.0 Dodging
 - Level 1.2 Stealth
 + Level 3.6 Unarmed Combat


You had 3 spell levels left.
You didn't know any spells.
Your spell library was empty.

Dungeon Overview and Level Annotations

Branches:
Dungeon (3/15)

Altars:

Shops:
D:2 !


Innate Abilities, Weirdness & Mutations

You are too large for most types of armour.
You have claws for hands.
Your natural rate of healing is unusually fast.
You are covered in fur. (AC +1)
You have tough skin. (AC +1)


Message History

You are too injured to fight recklessly!
You are too injured to fight recklessly!
You are too injured to fight recklessly!
You are too injured to fight recklessly!
You are too injured to fight recklessly!
You are too injured to fight recklessly!
The gnoll shaman calls down the wrath of its god upon you.
You are outlined in light.
A gnoll comes into view. It is wielding a +0 club.
The gnoll shaman misses you.
You scratch the gnoll shaman but do no damage.
The gnoll hits you from afar with a +0 spear.
The gnoll shaman barely misses you.
You scratch the gnoll shaman but do no damage.
The gnoll hits you from afar with a +0 spear.
The gnoll shaman barely misses you.
You scratch the gnoll shaman but do no damage.
The gnoll barely misses you. The gnoll shaman barely misses you.
You scratch the gnoll shaman.
The gnoll shaman is moderately wounded.
The gnoll hits you from afar with a +0 spear.
The gnoll shaman calls upon its god to speed up the gnoll.
The gnoll seems to speed up.
You scratch the gnoll shaman.
The gnoll shaman is heavily wounded.
The gnoll hits you from afar with a +0 spear!
You claw the gnoll shaman!
The gnoll shaman is almost dead.
The gnoll shaman closely misses you. The gnoll closely misses you.
You scratch the gnoll shaman but do no damage.
The gnoll shaman is almost dead.
The gnoll hits you from afar with a +0 spear.
* * * LOW HITPOINT WARNING * * *
The gnoll shaman closely misses you.
The gnoll hits you from afar with a +0 spear.
* * * LOW HITPOINT WARNING * * *
You scratch the gnoll shaman but do no damage.
The gnoll shaman is almost dead.
The gnoll shaman hits you with a +0 club!
You die...

<...#....###########
...................#
#+#.###.##########.#
#.........g)g.##.#
.######g######.##.#
.....[.......# ##.#
.######.#..#.# #.#
#.####.# #.#
#ggg@..# #.#
######## #.# #.#
####### #.# #<....#
#.# #.....# #.#
#.#######.#
#.........#
###########


You could see a gnoll shaman and 2 gnolls.

Vanquished Creatures
  A gnoll (D:3)
  A worm (D:2)
  A dart slug (D:2)
  3 bats
  4 endoplasms
  2 giant cockroaches
  6 goblins
  6 hobgoblins
  2 jackals (D:1)
  6 kobolds
  4 quokkas
  7 ball pythons
  5 frilled lizards
  4 rats
52 creatures vanquished.

Notes
Turn   | Place    | Note
-------+----------+-------------------------------------------
     0 | D:1      | oldriver the Troll Monk began the quest for the Orb.
     0 | D:1      | Reached XP level 1. HP: 22/22 MP: 0/0
   201 | D:1      | Reached XP level 2. HP: 26/29 MP: 1/1
   755 | D:1      | Reached XP level 3. HP: 33/36 MP: 2/2
  1255 | D:2      | Found Imat's Distillery.
  1653 | D:3      | Reached XP level 4. HP: 43/45 MP: 3/3
  1678 | D:3      | Slain by a gnoll shaman

Illustrated notes

Levels and vault maps discovered:
D:1:      lemuel_arrival_river_ford, layout_basic
D:2:      layout_loops_ring, serial_forest, infiniplex_forest_clump_double,
          infiniplex_forest_join, infiniplex_forest_lined_corner,
          infiniplex_forest_end_double, infiniplex_forest_zigzag_1,
          infiniplex_forest_clump_large, infiniplex_forest_lined_3,
          serial_shops, nicolae_shop_stone
D:3:      layout_basic, st_stairs_6, uniq_sigmund

Skill      XL: |  1  2  3 |
---------------+----------+-----
Dodging        | 3 |  3.0
Fighting       | 3 |  3.0
Stealth        | |  1.2
Unarmed Combat | |  3.6

Action                   |  1- 3 |  4- 6 || total
-------------------------+-------+-------++-------
Melee: Unarmed           |   113 |    12 ||   125
       Punch             |     3 |       ||     3
 Stab: Sleeping          |     7 |       ||     7
Armor: Robe              |    27 |     1 ||    28
Dodge: Dodged            |    44 |    12 ||    56

Table legend: (Time is in decaauts)
 A = Elapsed time spent in this place.
 B = Non-inter-level travel time spent in this place.
 C = Inter-level travel time spent in this place.
 D = Time resting spent in this place.
 E = Time spent auto-exploring this place.
 F = Levels seen in this place.
 G = Mean time per level.
                   A        B        C        D        E       F      G
               +--------+--------+--------+--------+--------+-----+--------+
         Total |   1674 |   1669 |      5 |      0 |   1314 |   3 |  558.0 |
       Dungeon |   1674 |   1669 |      5 |      0 |   1314 |   3 |  558.0 |
               +--------+--------+--------+--------+--------+-----+--------+

Top non-repeatable levels by time:
     D:1: 890 daAuts
     D:2: 713 daAuts
     D:3: 69 daAuts
